 Dungeon Crawl Stone Soup version 0.31-a0-865-g3d5d91748a (webtiles) character file.

Game seed: 2793641866151015139

170 Ge0ff the Shooter (level 5, -2/34 HPs)
             Began as an Octopode Hexslinger on Oct 10, 2023.
             Slain by a gnoll
             ... wielding a +0 club
              (4 damage)
             ... on level 2 of the Dungeon.
             The game lasted 00:03:43 (3508 turns).

Ge0ff the Shooter (Octopode Hexslinger)             Turns: 3508, Time: 00:03:44

Health: -2/34      AC:  1    Str: 14    XL:     5   Next: 50%
Magic:  0/7        EV: 13    Int: 17    God:
Gold:   62         SH:  0    Dex: 14    Spells: 5/7 levels left

rFire   . . .        a - +1 sling
rCold   . . .        (no shield)
rNeg    . . .        (helmet restricted)
rPois   .            O - amulet of guardian spirit
rElec   .            H - +4 ring of slaying
rCorr   .            K - +6 ring of strength
SInv    .            (no ring)
Will    .....        (no ring)
Stlth   +++          (no ring)
HPRegen 0.25/turn    (no ring)
MPRegen 0.10/turn    (no ring)
                     (no ring)

%: guardian spirit
@: brilliant
A: almost no armour, amphibious, 8 rings, camouflage 1, gelatinous body 1,
(nimble swimmer 1), tentacles
a: no special abilities


You were on level 2 of the Dungeon.
You visited 1 branch of the dungeon, and saw 3 of its levels.

You collected 62 gold pieces.

Inventory:

Hand Weapons
 a - a +1 sling (weapon)
Jewellery
 H - a +4 ring of slaying (left tentacle)
 K - a +6 ring of strength (right tentacle)
 O - an amulet of guardian spirit (around mantle)
Talismans
 N - a beast talisman
Scrolls
 C - 2 scrolls of poison
 D - a scroll of vulnerability {unknown}
 E - a scroll of teleportation {unknown}
 F - 2 scrolls of identify {unknown}
 G - a scroll of blinking {unknown}
 J - a scroll of amnesia {unknown}
Potions
 L - a potion of heal wounds {unknown}
 M - a potion of curing {unknown}
 P - a potion of enlightenment {unknown}


   Skills:
 + Level 2.2 Fighting
 * Level 3.6 Ranged Weapons
 - Level 2.0 Dodging
 + Level 2.6 Stealth
 + Level 1.9 Spellcasting
 + Level 3.6 Hexes
 - Level 1.0 Fire Magic


You had 5 spell levels left.
You knew the following spells:

 Your Spells              Type           Power      Damage    Failure   Level
s - Jinxbite              Hex            40%        N/A       7%          2

Your spell library contained the following spells:

 Spells                   Type           Power      Damage    Failure   Level
 Sigil of Binding         Hex            20%        N/A       13%         3
 Inner Flame              Hex/Fire       14%        N/A       22%         3
 Cause Fear               Hex            10%        N/A       41%         4
 Dimensional Bullseye     Hex/Tloc       5%         N/A       67%         4


Dungeon Overview and Level Annotations

Branches:
Dungeon (3/15) Zot: 14457

Altars:


Innate Abilities, Weirdness & Mutations

You cannot wear most types of armour.
You are amphibious.
You can wear up to eight rings at the same time.
Your skin changes colour to match your surroundings (Stealth+).
Your rubbery body absorbs attacks. (AC +1, EV +1)
((You are camouflaged when in or above water. (Stealth+)))
You have tentacles for arms and can constrict up to eight enemies at once.


Message History

There is an open door here.
There is an open door here.
There is a stone staircase leading down, spattered with blood here.
Things that are here:
a +0 dagger; 5 stones
There is an open door here.
There is an open door here.
There is an open door here.
There is an open door here.
You see here a +0 club.
You see here a +0 club.
Done exploring.
Search for what [Enter for "@ego||artefact||jewel||troll||scales||shield||talisman||manual||trap", or ? for help]? @ego||artefact||jewel||troll||scales||shield||talisman||manual||trap Can't find anything matching that.
Unknown command.
There is an open door here.
There is a stone staircase leading down here.
You climb downwards.
The gnoll shouts! x2; The hobgoblin shouts!
You hear an angry hiss. x2
Found a yellow potion.
There is a stone staircase leading up here.
There are monsters nearby!
You shoot a sling bullet. The gnoll shouts! x2
The sling bullet hits the gnoll!
The gnoll is heavily wounded.
The gnoll closely misses you.
You shoot a sling bullet.
The sling bullet closely misses the gnoll.
A ball python comes into view.
A worm comes into view.
The gnoll hits you from afar with a +0 spear.
You shoot a sling bullet. The ball python hisses angrily.
The sling bullet hits the gnoll.
The gnoll is moderately wounded.
The gnoll hits you with a +0 club.
The gnoll hits you from afar with a +0 spear.
The gnoll hits you from afar with a +0 spear.
The gnoll closely misses you.
The gnoll hits you with a +2 whip of electrocution!
You are electrocuted!!
* * * LOW HITPOINT WARNING * * *
The gnoll closely misses you.
You climb upwards.
There is a stone staircase leading down here.
Okay, then.
It was a potion of brilliance.
You feel clever all of a sudden. The gnoll hits you with a +0 club.
You die...

#.#.###.# #.# #####.### ##.#.#
#.# ##+## #.# #....# #.#
##...## #.# #..### #)###.....##
###.# #..#.###.##.......##
##.#.#
#........#.........####....#
.........'.).......'.......####
#.#...####.....g.g.###........#
#.##.## ##.....@.## #....###.#
...### ##.....## #..#####.#
.#.# ##...## #........# ...#
##'## ##.####### #.##
##.########.# #.# #.........#.#
#.# #.#######.#.# #.# #####
##.# #.#.# #.# #...####..#
#.#.#


You could see 2 gnolls.

Vanquished Creatures
  An orc priest (D:2)
  An iguana (D:2)
  3 gnolls (D:2)
  An adder (D:2)
  6 orcs (D:2)
  6 ball pythons
  8 endoplasms
  5 giant cockroaches (D:1)
  6 goblins
  11 hobgoblins
  A quokka (D:2)
  3 bats (D:1)
  5 frilled lizards
  3 kobolds
  4 rats
64 creatures vanquished.

Notes
Turn   | Place    | Note
-------+----------+-------------------------------------------
     0 | D:1      | Ge0ff the Octopode Hexslinger began the quest for the Orb.
     0 | D:1      | Reached XP level 1. HP: 13/13 MP: 2/2
    50 | D:1      | Found a faded altar of an unknown god.
    61 | D:1      | Reached XP level 2. HP: 14/18 MP: 3/3
    64 | D:1      | Learned a level 2 spell: Jinxbite
   180 | D:1      | Reached skill level 1 in Stealth
   432 | D:1      | Reached XP level 3. HP: 23/23 MP: 1/4
  1626 | D:2      | Reached XP level 4. HP: 29/29 MP: 3/6
  2333 | D:2      | Reached XP level 5. HP: 34/34 MP: 4/7
  3506 | D:3      | HP: 1/34 [gnoll/+2 whip of electrocution (16)]
  3508 | D:2      | Slain by a gnoll

Illustrated notes

Levels and vault maps discovered:
D:1:      dpeg_arrival_prison, layout_basic, hellmonk_ecumenical_altar_run_dry,
          st_stairs_12
D:2:      cheibrodos_pilgrimage, layout_loops_corners
D:3:      layout_rooms, minmay_bisected, uniq_pargi, uniq_sigmund

Skill      XL: |  1  2  3  4 |
---------------+-------------+-----
Stealth        | 1 2 |  2.6
Ranged Weapons | 3 |  3.6
Fighting       | 2 |  2.2
Dodging        | |  2.0
Spellcasting   | |  1.9
Hexes          | |  3.6
Fire Magic     | |  1.0

Action                     |  1- 3 |  4- 6 || total
---------------------------+-------+-------++-------
   Fire: Sling             |    74 |    56 ||   130
   Cast: Jinxbite          |    17 |     2 ||    19
    Use: Potion            |       |     1 ||     1
 Armour: Skin              |     7 |    10 ||    17
  Dodge: Dodged            |    17 |     7 ||    24

Table legend: (Time is in decaauts)
 A = Elapsed time spent in this place.
 B = Non-inter-level travel time spent in this place.
 C = Inter-level travel time spent in this place.
 D = Time resting spent in this place.
 E = Time spent auto-exploring this place.
 F = Levels seen in this place.
 G = Mean time per level.
                   A        B        C        D        E       F      G
               +--------+--------+--------+--------+--------+-----+--------+
         Total |   3541 |   3362 |    179 |    499 |   2464 |   3 | 1180.3 |
       Dungeon |   3541 |   3362 |    179 |    499 |   2464 |   3 | 1180.3 |
               +--------+--------+--------+--------+--------+-----+--------+

Top non-repeatable levels by time:
     D:2: 2306 daAuts
     D:1: 1229 daAuts
     D:3: 5 daAuts
